Quebec Rempart vs London Knights

Created - 5 janvier 2018 at 11:01

Goals
1 2 3 T
Quebec Rempart 0 0 2 2
London Knights 0 0 1 1
Shots
1 2 3 T
Quebec Rempart 0 6 29 35
London Knights 2 1 14 17

1st period

No Goal

Penalties :
No Penalty

2nd period

No Goal

Penalties :
Milan Michalek (REM) for Elbowing (Minor) at 0:21, Colton Hargrove (REM) for High sticking (Minor) at 9:13, Andy Andreoff (KNI) for Tripping (Minor) at 17:06

3rd period

1. Quebec Rempart , Milan Michalek 8 (Kevin Czuczman 25, Michael Leighton) at 9:48 (PP)
2. Quebec Rempart , Mark Jankowski 16 (Darren Dietz 13, Milan Michalek 7) at 18:14 (PP)
3. London Knights , Pontus Aberg 26 (Joe Colborne 20) at 19:06

Penalties :
Frederik Gauthier (KNI) for Cross-checking (Minor) at 2:31, Andy Andreoff (KNI) for Holding Stick (Minor) at 9:38, Christian Folin (KNI) for Roughing (Minor) at 16:47, Ben Betker (KNI) for Fighting (Major) at 18:44, Milan Michalek (REM) for Fighting (Major) at 18:44

Goalie Stats

Michael Leighton (REM), 16 saves from 17 shots - (0,941), W, 19-13-2, 60:00 minutes
Brandon Halverson (KNI), 33 saves from 35 shots - (0,943), L, 13-20-1, 60:00 minutes

Players Stats for Quebec Rempart

Player Name              G  A  P  +/- PIM S  H  SB GA TA FO     MP     PP MP  PK MP  
------------------------------------------------------------------------------------
Andrew Bodnarchuk        0  0  0   0  0   2  1  0  0  0  0/0    13:12   0:00   0:00 
Brendan Lemieux          0  0  0   0  0   1  2  0  0  1  0/0     8:10   0:00   0:00 
Colton Hargrove          0  0  0   0  2   2  2  1  0  1  0/0    16:16   2:28   0:11 
Dan DeSalvo              0  0  0   0  0   1  0  0  0  0  0/0     9:33   0:00   1:11 
Darren Dietz             0  1  1   0  0   2  3  1  0  1  0/0    19:00   2:08   1:35 
Denis Malgin             0  0  0   0  0   1  1  0  1  0  3/3    13:50   0:00   0:00 
Joseph LaBate            0  0  0  -1  0   2  2  0  0  0  0/0     8:23   0:00   0:11 
Jujhar Khaira            0  0  0   0  0   0  1  0  1  0  1/7    17:31   2:28   1:31 
Kevin Czuczman           0  1  1  -1  0   4  0  1  0  0  0/0    26:15   3:27   2:23 
Lauri Korpikoski         0  0  0  -1  0   4  0  3  0  0  12/31  21:23   3:07   2:08 
Mark Jankowski           1  0  1  -1  0   7  0  2  0  1  0/1    20:14   3:07   2:08 
Michael Joly             0  0  0   0  0   0  0  0  0  0  0/0    13:58   0:00   0:00 
Milan Michalek           1  1  2   0  7   3  0  1  1  1  0/1    17:23   3:07   0:36 
Nick Ebert               0  0  0   0  0   1  1  2  0  0  0/0    19:18   2:08   1:35 
Nick Moutrey             0  0  0   0  0   0  0  0  0  0  0/0    14:03   0:00   0:00 
Nick Seeler              0  0  0   0  0   0  0  0  0  0  0/0    13:02   0:00   0:00 
Ryan Kujawinski          0  0  0   0  0   0  2  0  0  0  0/0    15:58   2:28   0:00 
Yohann Auvitu            0  0  0  -1  0   5  0  3  0  2  0/0    26:04   3:27   2:23 

Players Stats for London Knights

Player Name              G  A  P  +/- PIM S  H  SB GA TA FO     MP     PP MP  PK MP  
------------------------------------------------------------------------------------
Adam Comrie              0  0  0   0  0   1  4  1  0  0  0/0    16:13   1:17   2:13 
Andy Andreoff            0  0  0   0  4   0  1  1  0  0  0/2     9:49   0:00   0:45 
Ben Betker               0  0  0   0  5   0  0  0  0  0  0/0    12:50   0:00   0:49 
Brian Strait             0  0  0   0  0   2  1  2  1  1  0/0    23:02   2:41   3:22 
Buddy Robinson           0  0  0   1  0   0  1  1  0  0  0/0    20:36   2:14   0:41 
Cal O'Reilly             0  0  0   0  0   1  1  0  1  0  0/0    14:10   0:00   0:41 
Christian Folin          0  0  0   0  2   0  1  0  0  0  0/0    22:10   2:41   2:33 
Colby Williams           0  0  0   0  0   0  1  1  0  0  0/0     9:21   0:00   0:00 
Daniel Muzito-Bagenda    0  0  0   0  0   0  2  0  1  0  1/2    14:51   1:44   0:00 
Dylan McIlrath           0  0  0   1  0   0  1  0  0  0  0/0     9:38   0:00   0:00 
Ethan Prow               0  0  0   1  0   0  0  2  0  0  0/0    12:25   0:00   0:00 
Frederik Gauthier        0  0  0   0  2   1  0  0  1  0  4/5    17:03   1:44   2:04 
Joe Colborne             0  1  1   1  0   0  0  1  0  0  20/31  22:10   2:14   2:55 
Joshua Winquist          0  0  0   0  0   3  1  0  0  0  0/0    15:00   1:44   0:12 
Luke Gazdic              0  0  0   0  0   3  0  0  1  1  0/0    15:17   0:00   2:03 
Mark McNeill             0  0  0   0  0   0  0  0  1  0  1/1     8:16   0:00   0:21 
Mat Clark                0  0  0   0  0   0  0  0  0  1  0/0    16:11   1:17   2:13 
Nicolas Aube-Kubel       0  0  0   0  0   2  1  0  0  0  0/0    13:50   0:00   0:00 
Pontus Aberg             1  0  1   1  0   4  0  4  1  0  1/2    21:11   2:14   1:28 

3 Stars

1 - Brandon Halverson (KNI)
2 - Pontus Aberg (KNI)
3 - Darren Dietz (REM)

Power Play

Quebec Rempart - 2 on 4 Attempt(s) - 50,00%
London Knights - 0 on 2 Attempt(s) - 0,00%

Penalty Kill

Quebec Rempart - 2 on 2 Attempt(s) - 100,00% - Score 0 goal in Penalty Kill
London Knights - 2 on 4 Attempt(s) - 50,00% - Score 0 goal in Penalty Kill

Team Stat

Quebec Rempart - Hits : 15 - Faceoff Wins : 16 - Blocked Shots : 14 - Penalty Minutes : 9
London Knights - Hits : 15 - Faceoff Wins : 27 - Blocked Shots : 13 - Penalty Minutes : 13

Official

Referees : Marc Joannette and Mike Hasenfratz
Linesman : Brad Kovachik and Jonny Murray

Game Notes

Ben Betker beats up Milan Michalek at 18:44 of 3rd period

Finance

Level 1 -- Attendance: 1375 (68,75%) -- Ticket Income 48 125 $
Level 2 -- Attendance: 757 (75,70%) -- Ticket Income 11 355 $
Total Attendance: 2132 (71,07%)
Total Ticket Income: 59 480 $
Other Income: 29 145 $
Total Income: 88 625 $

Quebec Rempart

5 vs 5 Forward 
   Center                   Left Wing                Right Wing               Time % Phy DF OF 
 1 Lauri Korpikoski         Mark Jankowski           Milan Michalek           40     1   2  2  
 2 Jujhar Khaira            Colton Hargrove          Ryan Kujawinski          30     1   2  2  
 3 Denis Malgin             Nick Moutrey             Michael Joly             20     1   2  2  
 4 Dan DeSalvo              Brendan Lemieux          Lauri Korpikoski         10     1   2  2  

5 vs 5 Defense 
   Defense                  Defense                                           Time % Phy DF OF 
 1 Kevin Czuczman           Yohann Auvitu                                     40     1   2  2  
 2 Nick Ebert               Darren Dietz                                      30     1   2  2  
 3 Andrew Bodnarchuk        Nick Seeler                                       20     1   2  2  
 4 Kevin Czuczman           Yohann Auvitu                                     10     1   2  2  

PowerPlay Forward 
   Center                   Left Wing                Right Wing               Time % Phy DF OF 
 1 Lauri Korpikoski         Mark Jankowski           Milan Michalek           60     1   2  2  
 2 Jujhar Khaira            Colton Hargrove          Ryan Kujawinski          40     1   2  2  

PowerPlay Defense
   Defense                  Defense                                           Time % Phy DF OF 
 1 Kevin Czuczman           Yohann Auvitu                                     60     1   2  2  
 2 Nick Ebert               Darren Dietz                                      40     1   2  2  

Penalty Kill 4 Players Forward 
   Center                   Wing                     Time % Phy DF OF 
 1 Lauri Korpikoski         Mark Jankowski           60     1   2  2  
 2 Jujhar Khaira            Milan Michalek           40     1   2  2  

Penalty Kill 4 Players Defense
   Defense                  Defense                  Time % Phy DF OF 
 1 Kevin Czuczman           Yohann Auvitu            60     1   2  2  
 2 Nick Ebert               Darren Dietz             40     1   2  2  

Penalty Kill - 3 Players Forward 
   Forward                                           Time % Phy DF OF 
 1 Lauri Korpikoski                                  60     1   2  2  
 2 Mark Jankowski                                    40     1   2  2  

Penalty Kill - 3 Players Defense
   Defense                  Defense                  Time % Phy DF OF 
 1 Kevin Czuczman           Yohann Auvitu            60     1   2  2  
 2 Nick Ebert               Darren Dietz             40     1   2  2  

4 vs 4 Forward 
   Center                   Wing                     Time % Phy DF OF 
 1 Lauri Korpikoski         Mark Jankowski           60     1   2  2  
 2 Jujhar Khaira            Milan Michalek           40     1   2  2  

4 vs 4 Defense
   Defense                  Defense                  Time % Phy DF OF 
 1 Kevin Czuczman           Yohann Auvitu            60     1   2  2  
 2 Nick Ebert               Darren Dietz             40     1   2  2  

Last Minutes Offensive
   Center                   Left Wing                Right Wing               Defense                  Defense                  
   Lauri Korpikoski         Mark Jankowski           Milan Michalek           Kevin Czuczman           Yohann Auvitu            

Last Minutes Defensive
   Center                   Left Wing                Right Wing               Defense                  Defense                  
   Lauri Korpikoski         Mark Jankowski           Milan Michalek           Kevin Czuczman           Yohann Auvitu            

Goaltenders
Starting : Michael Leighton         
Backup : Spencer Martin           

Extra Forwards
Normal : Joseph LaBate, Denis Malgin, Dan DeSalvo - PP : Joseph LaBate, Denis Malgin - PK : Dan DeSalvo
Extra Defensemen
Normal : Andrew Bodnarchuk, Nick Seeler, Nick Ebert - PP : Andrew Bodnarchuk - PK : Nick Seeler, Nick Ebert
Penalty Shots
Lauri Korpikoski, Mark Jankowski, Jujhar Khaira, Milan Michalek, Denis Malgin

Scratches
Dmytro Timashov (Healthy), Tanner Fritz (Strained Groin Injury)

London Knights

5 vs 5 Forward 
   Center                   Left Wing                Right Wing               Time % Phy DF OF 
 1 Joe Colborne             Pontus Aberg             Buddy Robinson           40     1   2  2  
 2 Frederik Gauthier        Joshua Winquist          Daniel Muzito-Bagenda    30     1   2  2  
 3 Cal O'Reilly             Luke Gazdic              Nicolas Aube-Kubel       20     1   2  2  
 4 Mark McNeill             Joe Colborne             Frederik Gauthier        10     1   2  2  

5 vs 5 Defense 
   Defense                  Defense                                           Time % Phy DF OF 
 1 Christian Folin          Brian Strait                                      40     1   2  2  
 2 Adam Comrie              Mat Clark                                         30     1   2  2  
 3 Ethan Prow               Ben Betker                                        20     1   2  2  
 4 Dylan McIlrath           Colby Williams                                    10     1   2  2  

PowerPlay Forward 
   Center                   Left Wing                Right Wing               Time % Phy DF OF 
 1 Joe Colborne             Pontus Aberg             Buddy Robinson           60     1   2  2  
 2 Frederik Gauthier        Joshua Winquist          Daniel Muzito-Bagenda    40     1   2  2  

PowerPlay Defense
   Defense                  Defense                                           Time % Phy DF OF 
 1 Christian Folin          Brian Strait                                      60     1   2  2  
 2 Adam Comrie              Mat Clark                                         40     1   2  2  

Penalty Kill 4 Players Forward 
   Center                   Wing                     Time % Phy DF OF 
 1 Joe Colborne             Frederik Gauthier        60     1   2  2  
 2 Cal O'Reilly             Buddy Robinson           40     1   2  2  

Penalty Kill 4 Players Defense
   Defense                  Defense                  Time % Phy DF OF 
 1 Christian Folin          Brian Strait             60     1   2  2  
 2 Adam Comrie              Mat Clark                40     1   2  2  

Penalty Kill - 3 Players Forward 
   Forward                                           Time % Phy DF OF 
 1 Joe Colborne                                      60     1   2  2  
 2 Frederik Gauthier                                 40     1   2  2  

Penalty Kill - 3 Players Defense
   Defense                  Defense                  Time % Phy DF OF 
 1 Christian Folin          Brian Strait             60     1   2  2  
 2 Adam Comrie              Mat Clark                40     1   2  2  

4 vs 4 Forward 
   Center                   Wing                     Time % Phy DF OF 
 1 Joe Colborne             Frederik Gauthier        60     1   2  2  
 2 Cal O'Reilly             Buddy Robinson           40     1   2  2  

4 vs 4 Defense
   Defense                  Defense                  Time % Phy DF OF 
 1 Christian Folin          Brian Strait             60     1   2  2  
 2 Adam Comrie              Mat Clark                40     1   2  2  

Last Minutes Offensive
   Center                   Left Wing                Right Wing               Defense                  Defense                  
   Joe Colborne             Pontus Aberg             Buddy Robinson           Christian Folin          Brian Strait             

Last Minutes Defensive
   Center                   Left Wing                Right Wing               Defense                  Defense                  
   Joe Colborne             Pontus Aberg             Buddy Robinson           Christian Folin          Brian Strait             

Goaltenders
Starting : Brandon Halverson        
Backup : Philippe Desrosiers      

Extra Forwards
Normal : Andy Andreoff, Mark McNeill, Luke Gazdic - PP : Andy Andreoff, Mark McNeill - PK : Luke Gazdic
Extra Defensemen
Normal : Ethan Prow, Ben Betker, Dylan McIlrath - PP : Ethan Prow - PK : Ben Betker, Dylan McIlrath
Penalty Shots
Joe Colborne, Frederik Gauthier, Cal O'Reilly, Buddy Robinson, Mark McNeill

Scratches
Caleb Herbert (Healthy), T.J. Brennan (Healthy)

% Time on Ice - Quebec Rempart

Lines # - Real PCT - Wanted PCT - Time Play
Normal Forward
1 - 30% - 40% - 14:51
2 - 28% - 30% - 13:41
3 - 27% - 20% - 13:21
4 - 16% - 10% - 7:41
Normal Defense
1 - 35% - 40% - 17:19
2 - 33% - 30% - 16:26
3 - 26% - 20% - 12:39
4 - 6% - 10% - 3:10
PP Forward
1 - 56% - 60% - 3:07
2 - 44% - 40% - 2:28
PP Defense
1 - 62% - 60% - 3:27
2 - 38% - 40% - 2:08
PK Forward
1 - 82% - 60% - 3:16
2 - 18% - 40% - 0:42
PK Defense
1 - 60% - 60% - 2:23
2 - 40% - 40% - 1:35
PK3 Forward
1 - 0% - 60%
2 - 0% - 40%
PK3 Defense
1 - 0% - 60%
2 - 0% - 40%
44 Forward
1 - 0% - 60%
2 - 0% - 40%
44 Defense
1 - 0% - 60%
2 - 0% - 40%
Last Minute Offensive  - 0:00
Last Minute Defensive  - 0:53
Total
Forward - 60:00
Defense - 60:00

% Time on Ice - London Knights

Lines # - Real PCT - Wanted PCT - Time Play
Normal Forward
1 - 34% - 40% - 16:46
2 - 26% - 30% - 12:58
3 - 27% - 20% - 13:37
4 - 13% - 10% - 6:13
Normal Defense
1 - 32% - 40% - 16:03
2 - 25% - 30% - 12:36
3 - 24% - 20% - 11:54
4 - 18% - 10% - 9:01
PP Forward
1 - 56% - 60% - 2:14
2 - 44% - 40% - 1:44
PP Defense
1 - 68% - 60% - 2:41
2 - 32% - 40% - 1:17
PK Forward
1 - 88% - 60% - 4:54
2 - 12% - 40% - 0:41
PK Defense
1 - 60% - 60% - 3:22
2 - 40% - 40% - 2:13
PK3 Forward
1 - 0% - 60%
2 - 0% - 40%
PK3 Defense
1 - 0% - 60%
2 - 0% - 40%
44 Forward
1 - 0% - 60%
2 - 0% - 40%
44 Defense
1 - 0% - 60%
2 - 0% - 40%
Last Minute Offensive  - 0:53
Last Minute Defensive  - 0:00
Total
Forward - 60:00
Defense - 60:00

Play by Play

1st period


0:01 of 1st period - Lauri Korpikoski wins face-off versus Joe Colborne in neutral zone.
1:10 of 1st period - Nick Moutrey is hit by Adam Comrie and loses puck.
1:35 of 1st period - Snap shot by Denis Malgin.
1:35 of 1st period - Shot Blocked by Adam Comrie.
1:58 of 1st period - Wrist shot by Cal O'Reilly.
1:58 of 1st period - Shot Misses the Net.
3:05 of 1st period - Wrist shot by Michael Joly.
3:05 of 1st period - Shot Misses the Net.
3:31 of 1st period - Wrist shot by Nicolas Aube-Kubel.
3:31 of 1st period - Shot Blocked by Kevin Czuczman.
3:33 of 1st period - Snap shot by Luke Gazdic.
3:33 of 1st period - Stopped by Michael Leighton with a rebound.
3:35 of 1st period - Slapshot by Adam Comrie.
3:35 of 1st period - Stopped by Michael Leighton without a rebound.
3:36 of 1st period - Lauri Korpikoski wins face-off versus Joe Colborne in Quebec Rempart zone.
3:36 of 1st period - Lauri Korpikoski is hit by Buddy Robinson.
9:06 of 1st period - Adam Comrie is hit by Brendan Lemieux and loses puck.
9:35 of 1st period - Nick Ebert is hit by Cal O'Reilly and loses puck.
15:16 of 1st period - Pontus Aberg is hit by Darren Dietz and loses puck.
15:57 of 1st period - Buddy Robinson is hit by Brendan Lemieux and loses puck.
19:52 of 1st period - Buddy Robinson is hit by Joseph LaBate and loses puck.
Goals for this period are 0 for Quebec Rempart vs 0 for London Knights.
Shots for this period are 0 for Quebec Rempart vs 2 for London Knights.

2nd period


0:01 of 2nd period - Joe Colborne wins face-off versus Milan Michalek in neutral zone.
0:05 of 2nd period - Snap shot by Christian Folin.
0:05 of 2nd period - Shot Misses the Net.
0:13 of 2nd period - Snap shot by Joe Colborne.
0:13 of 2nd period - Shot Blocked by Yohann Auvitu.
0:15 of 2nd period - Slapshot by Brian Strait.
0:15 of 2nd period - Shot Blocked by Milan Michalek.
0:21 of 2nd period - Minor Penalty to Milan Michalek for Elbowing.
0:22 of 2nd period - Lauri Korpikoski wins face-off versus Joe Colborne in Quebec Rempart zone.
0:34 of 2nd period - Off-side.
0:35 of 2nd period - Joe Colborne wins face-off versus Lauri Korpikoski in neutral zone.
2:21 of 2nd period - Penalty to Milan Michalek is over, Milan Michalek is back on ice.
3:41 of 2nd period - Snap shot by Andy Andreoff.
3:41 of 2nd period - Deflect By Mark McNeill.
3:41 of 2nd period - Shot Blocked by Nick Ebert.
3:41 of 2nd period - Puck is out of play.
3:42 of 2nd period - Mark McNeill wins face-off versus Lauri Korpikoski in Quebec Rempart zone.
4:05 of 2nd period - Snap shot by Pontus Aberg.
4:05 of 2nd period - Shot Blocked by Yohann Auvitu.
4:56 of 2nd period - Wrist shot by Lauri Korpikoski.
4:56 of 2nd period - Shot Blocked by Brian Strait.
5:12 of 2nd period - Colton Hargrove is hit by Nicolas Aube-Kubel and loses puck.
6:26 of 2nd period - Wrist shot by Brendan Lemieux.
6:26 of 2nd period - Stopped by Brandon Halverson with a rebound.
6:28 of 2nd period - Slapshot by Dan DeSalvo.
6:28 of 2nd period - Shot Misses the Net.
8:06 of 2nd period - Snap shot by Dan DeSalvo.
8:06 of 2nd period - Stopped by Brandon Halverson with a rebound.
8:12 of 2nd period - Nick Moutrey is hit by Joshua Winquist and loses puck.
9:13 of 2nd period - Minor Penalty to Colton Hargrove for High sticking.
9:14 of 2nd period - Joe Colborne wins face-off versus Lauri Korpikoski in Quebec Rempart zone.
9:15 of 2nd period - Wrist shot by Pontus Aberg.
9:15 of 2nd period - Shot Misses the Net.
9:17 of 2nd period - Slapshot by Brian Strait.
9:17 of 2nd period - Shot Blocked by Lauri Korpikoski.
9:19 of 2nd period - Wrist shot by Pontus Aberg.
9:19 of 2nd period - Deflect By Buddy Robinson.
9:19 of 2nd period - Shot Misses the Net.
9:19 of 2nd period - Puck is out of play.
9:20 of 2nd period - Joe Colborne wins face-off versus Lauri Korpikoski in Quebec Rempart zone.
9:21 of 2nd period - Snap shot by Pontus Aberg.
9:21 of 2nd period - Stopped by Michael Leighton with a rebound.
9:23 of 2nd period - Snap shot by Joe Colborne.
9:23 of 2nd period - Deflect By Mark Jankowski.
9:23 of 2nd period - Shot Blocked by Mark Jankowski.
9:23 of 2nd period - Puck is out of play.
9:24 of 2nd period - Lauri Korpikoski wins face-off versus Joe Colborne in Quebec Rempart zone.
9:55 of 2nd period - Jujhar Khaira is hit by Brian Strait and loses puck.
10:00 of 2nd period - Wrist shot by Frederik Gauthier.
10:00 of 2nd period - Shot Misses the Net.
10:30 of 2nd period - Yohann Auvitu is hit by Adam Comrie and loses puck.
11:13 of 2nd period - Penalty to Colton Hargrove is over, Colton Hargrove is back on ice.
12:36 of 2nd period - Brendan Lemieux is hit by Daniel Muzito-Bagenda and loses puck.
12:49 of 2nd period - Brian Strait is hit by Jujhar Khaira and loses puck.
14:06 of 2nd period - Wrist shot by Mark Jankowski.
14:06 of 2nd period - Stopped by Brandon Halverson with a rebound.
14:08 of 2nd period - Slapshot by Andrew Bodnarchuk.
14:08 of 2nd period - Stopped by Brandon Halverson with a rebound.
14:10 of 2nd period - Wrist shot by Milan Michalek.
14:10 of 2nd period - Shot Blocked by Ethan Prow.
14:12 of 2nd period - Slapshot by Nick Seeler.
14:12 of 2nd period - Shot Misses the Net.
14:14 of 2nd period - Slapshot by Andrew Bodnarchuk.
14:14 of 2nd period - Stopped by Brandon Halverson with a rebound.
14:26 of 2nd period - Wrist shot by Jujhar Khaira.
14:26 of 2nd period - Shot Misses the Net.
14:36 of 2nd period - Ethan Prow is hit by Nick Ebert and loses puck.
16:36 of 2nd period - Joshua Winquist is hit by Colton Hargrove and loses puck.
17:06 of 2nd period - Minor Penalty to Andy Andreoff for Tripping.
17:07 of 2nd period - Joe Colborne wins face-off versus Lauri Korpikoski in London Knights zone.
18:51 of 2nd period - Icing by Lauri Korpikoski.
18:52 of 2nd period - Joe Colborne wins face-off versus Lauri Korpikoski in Quebec Rempart zone.
19:01 of 2nd period - Brian Strait is hit by Ryan Kujawinski and loses puck.
19:06 of 2nd period - Penalty to Andy Andreoff is over, Andy Andreoff is back on ice.
19:41 of 2nd period - Wrist shot by Buddy Robinson.
19:41 of 2nd period - Deflect By Andy Andreoff.
19:41 of 2nd period - Shot Blocked by Nick Ebert.
19:41 of 2nd period - Puck is out of play.
19:42 of 2nd period - Denis Malgin wins face-off versus Andy Andreoff in Quebec Rempart zone.
19:49 of 2nd period - Slapshot by Michael Joly.
19:49 of 2nd period - Shot Blocked by Pontus Aberg.
19:51 of 2nd period - Slapshot by Denis Malgin.
19:51 of 2nd period - Stopped by Brandon Halverson without a rebound.
19:52 of 2nd period - Joe Colborne wins face-off versus Jujhar Khaira in London Knights zone.
Goals for this period are 0 for Quebec Rempart vs 0 for London Knights.
Shots for this period are 6 for Quebec Rempart vs 1 for London Knights.

3rd period


0:01 of 3rd period - Joe Colborne wins face-off versus Lauri Korpikoski in neutral zone.
0:10 of 3rd period - Snap shot by Milan Michalek.
0:10 of 3rd period - Shot Blocked by Brian Strait.
0:12 of 3rd period - Wrist shot by Lauri Korpikoski.
0:12 of 3rd period - Stopped by Brandon Halverson with a rebound.
0:14 of 3rd period - Slapshot by Yohann Auvitu.
0:14 of 3rd period - Stopped by Brandon Halverson with a rebound.
0:16 of 3rd period - Snap shot by Mark Jankowski.
0:16 of 3rd period - Stopped by Brandon Halverson with a rebound.
0:26 of 3rd period - Jujhar Khaira is hit by Daniel Muzito-Bagenda and loses puck.
0:35 of 3rd period - Slapshot by Joshua Winquist.
0:35 of 3rd period - Stopped by Michael Leighton with a rebound.
0:37 of 3rd period - Snap shot by Joshua Winquist.
0:37 of 3rd period - Stopped by Michael Leighton without a rebound.
0:38 of 3rd period - Frederik Gauthier wins face-off versus Lauri Korpikoski in Quebec Rempart zone.
0:54 of 3rd period - Wrist shot by Lauri Korpikoski.
0:54 of 3rd period - Stopped by Brandon Halverson with a rebound.
1:04 of 3rd period - Mat Clark is hit by Darren Dietz and loses puck.
1:28 of 3rd period - Luke Gazdic is hit by Ryan Kujawinski and loses puck.
1:51 of 3rd period - Off-side.
1:52 of 3rd period - Joe Colborne wins face-off versus Lauri Korpikoski in neutral zone.
1:55 of 3rd period - Slapshot by Pontus Aberg.
1:55 of 3rd period - Shot Misses the Net.
2:17 of 3rd period - Snap shot by Denis Malgin.
2:17 of 3rd period - Shot Misses the Net.
2:19 of 3rd period - Snap shot by Denis Malgin.
2:19 of 3rd period - Shot Misses the Net.
2:21 of 3rd period - Snap shot by Denis Malgin.
2:21 of 3rd period - Shot Misses the Net.
2:23 of 3rd period - Slapshot by Darren Dietz.
2:23 of 3rd period - Stopped by Brandon Halverson without a rebound.
2:24 of 3rd period - Denis Malgin wins face-off versus Daniel Muzito-Bagenda in London Knights zone.
2:29 of 3rd period - Snap shot by Michael Joly.
2:29 of 3rd period - Shot Misses the Net.
2:31 of 3rd period - Minor Penalty to Frederik Gauthier for Cross-checking.
2:32 of 3rd period - Joe Colborne wins face-off versus Lauri Korpikoski in London Knights zone.
2:38 of 3rd period - Icing by Kevin Czuczman.
2:39 of 3rd period - Joe Colborne wins face-off versus Mark Jankowski in Quebec Rempart zone.
2:42 of 3rd period - Slapshot by Luke Gazdic.
2:42 of 3rd period - Shot Blocked by Lauri Korpikoski.
2:50 of 3rd period - Slapshot by Yohann Auvitu.
2:50 of 3rd period - Stopped by Brandon Halverson with a rebound.
2:52 of 3rd period - Wrist shot by Milan Michalek.
2:52 of 3rd period - Shot Misses the Net.
2:54 of 3rd period - Snap shot by Kevin Czuczman.
2:54 of 3rd period - Stopped by Brandon Halverson with a rebound.
3:12 of 3rd period - Slapshot by Yohann Auvitu.
3:12 of 3rd period - Stopped by Brandon Halverson with a rebound.
3:14 of 3rd period - Wrist shot by Colton Hargrove.
3:14 of 3rd period - Shot Misses the Net.
4:15 of 3rd period - Colton Hargrove is hit by Christian Folin.
4:31 of 3rd period - Penalty to Frederik Gauthier is over, Frederik Gauthier is back on ice.
5:12 of 3rd period - Cal O'Reilly is hit by Andrew Bodnarchuk.
5:53 of 3rd period - Snap shot by Denis Malgin.
5:53 of 3rd period - Shot Blocked by Ethan Prow.
6:03 of 3rd period - Cal O'Reilly is hit by Colton Hargrove and loses puck.
6:28 of 3rd period - Wrist shot by Andy Andreoff.
6:28 of 3rd period - Shot Misses the Net.
8:16 of 3rd period - Darren Dietz is hit by Andy Andreoff and loses puck.
8:27 of 3rd period - Pontus Aberg is hit by Darren Dietz and loses puck.
8:46 of 3rd period - Darren Dietz is hit by Dylan McIlrath.
9:18 of 3rd period - Snap shot by Denis Malgin.
9:18 of 3rd period - Deflect By Nick Moutrey.
9:18 of 3rd period - Shot Blocked by Pontus Aberg.
9:18 of 3rd period - Puck is out of play.
9:19 of 3rd period - Denis Malgin wins face-off versus Andy Andreoff in London Knights zone.
9:20 of 3rd period - Snap shot by Michael Joly.
9:20 of 3rd period - Shot Blocked by Andy Andreoff.
9:22 of 3rd period - Slapshot by Kevin Czuczman.
9:22 of 3rd period - Shot Blocked by Buddy Robinson.
9:24 of 3rd period - Snap shot by Nick Moutrey.
9:24 of 3rd period - Shot Misses the Net.
9:26 of 3rd period - Slapshot by Yohann Auvitu.
9:26 of 3rd period - Shot Misses the Net.
9:38 of 3rd period - Minor Penalty to Andy Andreoff for Holding Stick.
9:39 of 3rd period - Joe Colborne wins face-off versus Lauri Korpikoski in London Knights zone.
9:48 of 3rd period - Slapshot by Kevin Czuczman.
9:48 of 3rd period - Deflect By Milan Michalek.
9:48 of 3rd period - Goal by Milan Michalek - Quebec Rempart : 1 - London Knights : 0.
9:49 of 3rd period - Joe Colborne wins face-off versus Lauri Korpikoski in neutral zone.
9:52 of 3rd period - Slapshot by Christian Folin.
9:52 of 3rd period - Shot Blocked by Lauri Korpikoski.
10:47 of 3rd period - Wrist shot by Luke Gazdic.
10:47 of 3rd period - Stopped by Michael Leighton without a rebound.
10:48 of 3rd period - Lauri Korpikoski wins face-off versus Joe Colborne in Quebec Rempart zone.
11:20 of 3rd period - Jujhar Khaira is hit by Adam Comrie and loses puck.
11:55 of 3rd period - Slapshot by Pontus Aberg.
11:55 of 3rd period - Deflect By Buddy Robinson.
11:55 of 3rd period - Shot Blocked by Darren Dietz.
11:55 of 3rd period - Puck is out of play.
11:56 of 3rd period - Lauri Korpikoski wins face-off versus Joe Colborne in Quebec Rempart zone.
11:56 of 3rd period - Lauri Korpikoski is hit by Colby Williams.
12:04 of 3rd period - Wrist shot by Mark Jankowski.
12:04 of 3rd period - Stopped by Brandon Halverson with a rebound.
12:06 of 3rd period - Snap shot by Milan Michalek.
12:06 of 3rd period - Shot Blocked by Colby Williams.
13:12 of 3rd period - Backhand shot by Cal O'Reilly.
13:12 of 3rd period - Stopped by Michael Leighton with a rebound.
13:14 of 3rd period - Snap shot by Nicolas Aube-Kubel.
13:14 of 3rd period - Stopped by Michael Leighton without a rebound.
13:15 of 3rd period - Joe Colborne wins face-off versus Jujhar Khaira in Quebec Rempart zone.
13:16 of 3rd period - Snap shot by Pontus Aberg.
13:16 of 3rd period - Stopped by Michael Leighton with a rebound.
13:22 of 3rd period - Snap shot by Pontus Aberg.
13:22 of 3rd period - Stopped by Michael Leighton without a rebound.
13:23 of 3rd period - Pontus Aberg wins face-off versus Jujhar Khaira in Quebec Rempart zone.
13:26 of 3rd period - Wrist shot by Joe Colborne.
13:26 of 3rd period - Shot Misses the Net.
14:20 of 3rd period - Wrist shot by Joe Colborne.
14:20 of 3rd period - Shot Misses the Net.
14:23 of 3rd period - Icing by Yohann Auvitu.
14:24 of 3rd period - Frederik Gauthier wins face-off versus Jujhar Khaira in Quebec Rempart zone.
14:27 of 3rd period - Wrist shot by Frederik Gauthier.
14:27 of 3rd period - Shot Misses the Net.
14:29 of 3rd period - Slapshot by Daniel Muzito-Bagenda.
14:29 of 3rd period - Shot Blocked by Colton Hargrove.
14:31 of 3rd period - Slapshot by Brian Strait.
14:31 of 3rd period - Deflect By Ryan Kujawinski.
14:31 of 3rd period - Stopped by Michael Leighton without a rebound.
14:32 of 3rd period - Daniel Muzito-Bagenda wins face-off versus Lauri Korpikoski in Quebec Rempart zone.
14:41 of 3rd period - Snap shot by Frederik Gauthier.
14:41 of 3rd period - Shot Blocked by Yohann Auvitu.
14:43 of 3rd period - Snap shot by Brian Strait.
14:43 of 3rd period - Deflect By Mark Jankowski.
14:43 of 3rd period - Stopped by Michael Leighton with a rebound.
14:45 of 3rd period - Slapshot by Christian Folin.
14:45 of 3rd period - Shot Misses the Net.
15:03 of 3rd period - Snap shot by Cal O'Reilly.
15:03 of 3rd period - Shot Misses the Net.
15:05 of 3rd period - Slapshot by Luke Gazdic.
15:05 of 3rd period - Shot Misses the Net.
15:07 of 3rd period - Snap shot by Nicolas Aube-Kubel.
15:07 of 3rd period - Stopped by Michael Leighton without a rebound.
15:08 of 3rd period - Frederik Gauthier wins face-off versus Jujhar Khaira in Quebec Rempart zone.
15:23 of 3rd period - Wrist shot by Joshua Winquist.
15:23 of 3rd period - Deflect By Frederik Gauthier.
15:23 of 3rd period - Stopped by Michael Leighton with a rebound.
15:33 of 3rd period - Buddy Robinson is hit by Denis Malgin and loses puck.
15:42 of 3rd period - Wrist shot by Joe Colborne.
15:42 of 3rd period - Deflect By Buddy Robinson.
15:42 of 3rd period - Shot Misses the Net.
15:42 of 3rd period - Puck is out of play.
15:43 of 3rd period - Lauri Korpikoski wins face-off versus Frederik Gauthier in Quebec Rempart zone.
15:53 of 3rd period - Wrist shot by Mark Jankowski.
15:53 of 3rd period - Deflect By Lauri Korpikoski.
15:53 of 3rd period - Shot Misses the Net.
15:53 of 3rd period - Puck is out of play.
15:54 of 3rd period - Joe Colborne wins face-off versus Lauri Korpikoski in London Knights zone.
16:05 of 3rd period - Snap shot by Joe Colborne.
16:05 of 3rd period - Shot Blocked by Mark Jankowski.
16:19 of 3rd period - Wrist shot by Joshua Winquist.
16:19 of 3rd period - Stopped by Michael Leighton without a rebound.
16:20 of 3rd period - Frederik Gauthier wins face-off versus Jujhar Khaira in Quebec Rempart zone.
16:28 of 3rd period - Off-side.
16:29 of 3rd period - Jujhar Khaira wins face-off versus Joe Colborne in neutral zone.
16:32 of 3rd period - Wrist shot by Jujhar Khaira.
16:32 of 3rd period - Shot Misses the Net.
16:34 of 3rd period - Slapshot by Darren Dietz.
16:34 of 3rd period - Stopped by Brandon Halverson with a rebound.
16:36 of 3rd period - Slapshot by Nick Ebert.
16:36 of 3rd period - Stopped by Brandon Halverson with a rebound.
16:38 of 3rd period - Snap shot by Colton Hargrove.
16:38 of 3rd period - Stopped by Brandon Halverson with a rebound.
16:40 of 3rd period - Slapshot by Colton Hargrove.
16:40 of 3rd period - Stopped by Brandon Halverson with a rebound.
16:42 of 3rd period - Slapshot by Darren Dietz.
16:42 of 3rd period - Shot Blocked by Pontus Aberg.
16:47 of 3rd period - Minor Penalty to Christian Folin for Roughing.
16:48 of 3rd period - Joe Colborne wins face-off versus Lauri Korpikoski in London Knights zone.
17:00 of 3rd period - Slapshot by Yohann Auvitu.
17:00 of 3rd period - Stopped by Brandon Halverson with a rebound.
17:02 of 3rd period - Snap shot by Milan Michalek.
17:02 of 3rd period - Stopped by Brandon Halverson with a rebound.
17:04 of 3rd period - Slapshot by Yohann Auvitu.
17:04 of 3rd period - Shot Misses the Net.
17:53 of 3rd period - Jujhar Khaira is hit by Adam Comrie and loses puck.
18:04 of 3rd period - Wrist shot by Luke Gazdic.
18:04 of 3rd period - Stopped by Michael Leighton without a rebound.
18:05 of 3rd period - Lauri Korpikoski wins face-off versus Joe Colborne in Quebec Rempart zone.
18:10 of 3rd period - Wrist shot by Mark Jankowski.
18:10 of 3rd period - Deflect By Milan Michalek.
18:10 of 3rd period - Stopped by Brandon Halverson with a rebound.
18:12 of 3rd period - Snap shot by Milan Michalek.
18:12 of 3rd period - Shot Misses the Net.
18:14 of 3rd period - Snap shot by Darren Dietz.
18:14 of 3rd period - Deflect By Mark Jankowski.
18:14 of 3rd period - Goal by Mark Jankowski - Quebec Rempart : 2 - London Knights : 0.
18:15 of 3rd period - Joe Colborne wins face-off versus Lauri Korpikoski in neutral zone.
18:20 of 3rd period - Snap shot by Lauri Korpikoski.
18:20 of 3rd period - Stopped by Brandon Halverson without a rebound.
18:21 of 3rd period - Lauri Korpikoski wins face-off versus Joe Colborne in London Knights zone.
18:35 of 3rd period - Icing by Yohann Auvitu.
18:36 of 3rd period - Joe Colborne wins face-off versus Lauri Korpikoski in Quebec Rempart zone.
18:44 of 3rd period - Ben Betker beats up Milan Michalek.
18:44 of 3rd period - Penalty to Ben Betker for Fighting.
18:44 of 3rd period - Penalty to Milan Michalek for Fighting.
18:45 of 3rd period - Lauri Korpikoski wins face-off versus Pontus Aberg in neutral zone.
18:52 of 3rd period - Snap shot by Mark Jankowski.
18:52 of 3rd period - Deflect By Joseph LaBate.
18:52 of 3rd period - Stopped by Brandon Halverson with a rebound.
18:54 of 3rd period - Wrist shot by Lauri Korpikoski.
18:54 of 3rd period - Shot Misses the Net.
18:56 of 3rd period - Snap shot by Kevin Czuczman.
18:56 of 3rd period - Stopped by Brandon Halverson without a rebound.
18:57 of 3rd period - Joe Colborne wins face-off versus Lauri Korpikoski in London Knights zone.
19:06 of 3rd period - Snap shot by Pontus Aberg.
19:06 of 3rd period - Goal by Pontus Aberg - Quebec Rempart : 2 - London Knights : 1.
19:07 of 3rd period - Lauri Korpikoski wins face-off versus Joe Colborne in neutral zone.
19:10 of 3rd period - Wrist shot by Kevin Czuczman.
19:10 of 3rd period - Stopped by Brandon Halverson with a rebound.
19:12 of 3rd period - Snap shot by Mark Jankowski.
19:12 of 3rd period - Deflect By Joe Colborne.
19:12 of 3rd period - Stopped by Brandon Halverson with a rebound.
19:14 of 3rd period - Wrist shot by Yohann Auvitu.
19:14 of 3rd period - Stopped by Brandon Halverson with a rebound.
19:18 of 3rd period - Snap shot by Kevin Czuczman.
19:18 of 3rd period - Stopped by Brandon Halverson with a rebound.
19:20 of 3rd period - Wrist shot by Lauri Korpikoski.
19:20 of 3rd period - Shot Misses the Net.
19:22 of 3rd period - Snap shot by Lauri Korpikoski.
19:22 of 3rd period - Shot Blocked by Joe Colborne.
19:24 of 3rd period - Slapshot by Joseph LaBate.
19:24 of 3rd period - Shot Blocked by Pontus Aberg.
19:26 of 3rd period - Snap shot by Kevin Czuczman.
19:26 of 3rd period - Shot Hit the Post.
19:28 of 3rd period - Snap shot by Kevin Czuczman.
19:28 of 3rd period - Shot Misses the Net.
19:30 of 3rd period - Wrist shot by Lauri Korpikoski.
19:30 of 3rd period - Stopped by Brandon Halverson with a rebound.
19:32 of 3rd period - Snap shot by Mark Jankowski.
19:32 of 3rd period - Stopped by Brandon Halverson with a rebound.
19:34 of 3rd period - Wrist shot by Joseph LaBate.
19:34 of 3rd period - Stopped by Brandon Halverson without a rebound.
19:35 of 3rd period - Todd Reirden call a timeout for London Knights.
19:35 of 3rd period - Lauri Korpikoski wins face-off versus Joe Colborne in London Knights zone.
19:53 of 3rd period - Wrist shot by Mark Jankowski.
19:53 of 3rd period - Stopped by Brandon Halverson without a rebound.
19:54 of 3rd period - Joe Colborne wins face-off versus Lauri Korpikoski in London Knights zone.
19:54 of 3rd period - Joe Colborne is hit by Joseph LaBate.
Goals for this period are 2 for Quebec Rempart vs 1 for London Knights.
Shots for this period are 29 for Quebec Rempart vs 14 for London Knights.